 Dungeon Crawl Stone Soup version 0.30.1-4-g462c640d31 (webtiles) character file.

Game seed: 14202486924241130379

2375 Kurtz the Cleaver (level 9, -3/50 HPs)
             Began as a Tengu Fighter on Sept 18, 2023.
             Was a Follower of Okawaru.
             Killed from afar by a steam dragon (18 damage)
             ... with a ball of steam
             ... on level 8 of the Dungeon.
             The game lasted 00:12:32 (7831 turns).

Kurtz the Cleaver (Tengu Fighter)                   Turns: 7831, Time: 00:12:33

Health: -3/50      AC: 13    Str: 17 (18) XL:     9   Next: 45%
Magic:  10/10      EV:  7    Int:  8 (10) God:    Okawaru [*.....]
Gold:   319        SH:  9    Dex: 15      Spells: 8/8 levels left

rFire   . . .        a - +0 war axe
rCold   . . .        O - +0 kite shield
rNeg    + . .        D - +0 chain mail
rPois   .            (helmet restricted)
rElec   .            E - +2 cloak
rCorr   .            t - +0 pair of gloves
SInv    +            (boots unavailable)
Will    .....        z - amulet of faith Stlth
                     r - ring of positive energy
HPRegen 0.28/turn    B - ring of see invisible
MPRegen 0.12/turn

%: faith
@: flying quickly and evasively, quick
A: beak, talons 3, nimble flight, deterioration 1
a: Renounce Religion, Heroism


You were on level 8 of the Dungeon.
You worshipped Okawaru.
Okawaru was aware of your devotion.
You visited 2 branches of the dungeon, and saw 9 of its levels.
You also visited: Ossuary.

You collected 401 gold pieces.
You spent 82 gold pieces at shops.

Inventory:

Hand Weapons
 a - a +0 war axe (weapon)
Missiles
 s - 5 poisoned darts (quivered)
Armour
 b - the scarf of Saimikk {+Inv, Str+7}
   (You found it on level 6 of the Dungeon)

   Str:       It affects your strength (+7).
 c - a +0 buckler
 t - a +0 pair of gloves (worn)
 D - a +0 chain mail (worn)
 E - a +2 cloak (worn)
 O - a +0 kite shield (worn)
Jewellery
 r - a ring of positive energy (left hand)
 y - a ring of fire
 z - an amulet of faith (around neck)
 B - a ring of see invisible (right hand)
 L - an amulet of the acrobat
Wands
 C - a wand of flame (28)
 F - a wand of charming (11)
Scrolls
 e - 11 scrolls of identify
 j - 2 scrolls of poison {unknown}
 k - 6 scrolls of magic mapping
 l - 3 scrolls of enchant armour {unknown}
 m - 2 scrolls of noise {unknown}
 p - 3 scrolls of immolation {unknown}
 q - a scroll of vulnerability {unknown}
 w - 3 scrolls of fog {unknown}
 x - 2 scrolls of amnesia {unknown}
 H - a scroll of fear {unknown}
 I - a scroll of blinking {unknown}
 J - a scroll of enchant weapon {unknown}
 K - a scroll of teleportation {unknown}
Potions
 d - 4 potions of might
 f - a potion of haste {unknown}
 g - 2 potions of degeneration {unknown}
 h - 4 potions of heal wounds {unknown}
 i - 2 potions of magic
 n - 6 potions of curing {unknown}
 o - 3 potions of flight {unknown}
 u - 4 potions of mutation {unknown}
 v - 4 potions of berserk rage {unknown}
 A - a potion of attraction {unknown}
 G - a potion of ambrosia
 M - a potion of invisibility {unknown}
 N - a potion of brilliance {unknown}


   Skills:
 * Level 3.0 Fighting
 * Level 13.3 Axes
 - Level 3.2 Armour
 * Level 0.3 Dodging
 * Level 3.0 Shields
 - Level 1.1 Invocations


You had 8 spell levels left.
You didn't know any spells.
Your spell library contained the following spells:

 Spells                   Type           Power      Damage    Failure   Level
 Beastly Appendage        Tmut           0%         N/A       100%        1
 Magic Dart               Conj           0%         1d3       100%        1
 Ensorcelled Hibernation  Hex/Ice        0%         N/A       100%        2
 Searing Ray              Conj           0%         2d4       100%        2
 Wereblood                Tmut           0%         N/A       100%        2
 Spider Form              Tmut/Pois      0%         N/A       100%        3
 Anguish                  Hex/Necr       0%         N/A       100%        4
 Fulminant Prism          Conj/Hex       0%         3d5       100%        4
 Blade Hands              Tmut           0%         N/A       100%        5
 Iron Shot                Conj/Erth      0%         9d1       100%        6
 Animate Armour           Summ/Erth      Unusable   N/A       N/A         4

Dungeon Overview and Level Annotations

Branches:
Dungeon (8/15)             Temple (1/1) D:7         Ossuary (visited)
   Lair: D:8-11

Altars:
Ashenzari
Cheibriados
Dithmenos
Fedhas
Gozag
Makhleb
Nemelex Xobeh
Okawaru
Qazlal
Trog
Vehumet
Wu Jian
Yredelemnul
Zin
The Shining One

Shops:
D:2 ?

Annotations:
D:3 1 runed translucent door, Crazy Yiuf
D:4 2 transporters, Weeksy's ghost, amateur FoVM
D:6 1 runed translucent door, Arctor's ghost, novice DrTm
D:7 exclusion: downstairs


Innate Abilities, Weirdness & Mutations

You have a beak for a mouth.
You have claws for feet.
Your magical nature lets you fly swiftly and evasively.
Your body sometimes deteriorates upon taking damage.


Message History

The steam dragon breathes steam at you. The ball of steam hits you!!
You closely miss the steam dragon. Your kick misses the steam dragon.
You peck the steam dragon.
The steam dragon is lightly wounded.
You are engulfed in a cloud of scalding steam.
The steam dragon bites you.
The steam dragon claws you but does no damage.
You hit the steam dragon. Your kick misses the steam dragon.
The steam dragon is moderately wounded.
You are engulfed in a cloud of scalding steam.
The steam dragon bites you but does no damage.
You block the steam dragon's attack.
You hit the steam dragon but do no damage.
You claw the steam dragon, but do no damage.
You peck the steam dragon.
The steam dragon is moderately wounded.
You block the steam dragon's attack. x2
You hit the steam dragon but do no damage.
You claw the steam dragon.
The steam dragon is moderately wounded.
The steam dragon breathes steam at you. The ball of steam hits you!
* * * LOW HITPOINT WARNING * * *
You barely miss the steam dragon.
The steam dragon is moderately wounded.
You are engulfed in a cloud of scalding steam.
The steam dragon barely misses you. You block the steam dragon's attack.
Unknown command.
You barely miss the steam dragon. Your kick misses the steam dragon.
You peck the steam dragon, but do no damage.
The steam dragon is moderately wounded.
You are engulfed in a cloud of scalding steam.
The steam dragon bites you.
* * * LOW HITPOINT WARNING * * *
The steam dragon barely misses you.
Unknown command.
The steam dragon breathes steam at you. The ball of steam hits you!!
You die...

#.(#......#..##### ##.
#..+......#......#######..
#..#......#..###.....##..#
#..#......#..####+##'##'##
#..#.....§#...#.....#.....
#..'......#...#.....#.....
#..#......#...'##'##+##'##
#..#......'..##..#.....#..
#..#.....@#..##..#+###+#..
#..#.....§#...#..#.....#..
#..#.....D#...+..+.._..'..
#..#......#...#..#.....#..
#..#......'...#..#+###'#..
#..#......#...#..#.....#..
#..#......#...'##+##+##o##
#..#......#..##.....#.D...
#######...#...#.....#.....


You could see a steam dragon (catching breath).

Vanquished Creatures
  A kobold demonologist (D:7)
  A steam dragon (D:8)
  Duvessa (D:6)
  An orc warrior (D:6)
  2 sky beasts
  2 ogres
  A centaur (D:7)
  A phantom (D:4)
  A bullfrog (D:7)
  A gnoll sergeant (D:7)
  Dowan (D:6)
  2 howler monkeys (D:7)
  6 hounds
  An orc priest (D:6)
  2 jellies
  3 gnoll boudas
  An iguana (D:5)
  A sleepcap (D:7)
  Natasha (thrice) (D:3)
  2 orc wizards
  Terence (D:3)
  14 mummies (Ossuary)
  Robin (D:2)
  14 gnolls
  7 adders
  2 white imps
  An ufetubus (D:6)
  12 orcs
  3 endoplasms
  3 giant cockroaches
  13 goblins
  8 hobgoblins
  5 jackals
  A quokka (D:1)
  2 ball pythons
  6 bats
  3 frilled lizards
  3 gnoll skeletons (Ossuary)
  3 goblin skeletons (Ossuary)
  6 kobolds
  A kobold skeleton (Ossuary)
  An orc skeleton (Ossuary)
  4 rats
  11 rat skeletons (Ossuary)
159 creatures vanquished.

Vanquished Creatures (others)
  A demonspawn (D:1)
  A draconian (D:1)
  A vine stalker (D:1)
  A spriggan (D:1)
  A vampire (D:1)
  3 humans (D:1)
  A naga (D:1)
  A demigod (D:1)
  A dwarf (D:1)
  An ogre (D:1)
  2 felids (D:1)
  An orc (D:8)
  A kobold (D:1)
  7 tentacles (D:1)
23 creatures vanquished.

Grand Total: 182 creatures vanquished

Notes
Turn   | Place    | Note
-------+----------+-------------------------------------------
     0 | D:1      | Kurtz the Tengu Fighter began the quest for the Orb.
     0 | D:1      | Reached XP level 1. HP: 14/14 MP: 2/2
     2 | D:1      | Noticed a human
     2 | D:1      | Noticed a draconian
     2 | D:1      | Noticed a felid
     2 | D:1      | Noticed a felid
     2 | D:1      | Noticed a dwarf
     2 | D:1      | Noticed a vampire
     2 | D:1      | Noticed a demonspawn
     2 | D:1      | Noticed a naga
     2 | D:1      | Noticed a kraken
     2 | D:1      | Noticed a vine stalker
     2 | D:1      | Noticed a human
     2 | D:1      | Noticed a demigod
     2 | D:1      | Noticed a human
     2 | D:1      | Noticed a spriggan
     2 | D:1      | Noticed an ogre
     3 | D:1      | Killed a felid
     5 | D:1      | Killed a human
     5 | D:1      | Killed a naga
     5 | D:1      | Killed a human
     6 | D:1      | Killed a dwarf
     7 | D:1      | Killed a felid
     8 | D:1      | Killed a spriggan
    10 | D:1      | Killed a demigod
    10 | D:1      | Killed a draconian
    10 | D:1      | Killed an ogre
    10 | D:1      | Killed a vine stalker
    11 | D:1      | Killed a human
    15 | D:1      | Killed a demonspawn
    15 | D:1      | Killed a vampire
    70 | D:1      | Reached XP level 2. HP: 19/19 MP: 3/3
    72 | D:1      | Reached skill level 3 in Axes
   522 | D:2      | Reached XP level 3. HP: 23/23 MP: 4/4
   698 | D:2      | Found Puruteoxt's Magic Scroll Shop.
   708 | D:2      | Bought a scroll of magic mapping for 82 gold pieces
   748 | D:2      | Reached skill level 4 in Axes
  1086 | D:3      | Identified the +2 helmet of Asmitoud {rC- Will+ Str+2}
  1086 | D:3      | Noticed Robin
  1115 | D:2      | Killed Robin
  1116 | D:2      | Reached XP level 4. HP: 4/28 MP: 5/5
  1327 | D:3      | Found a glowing silver altar of Zin.
  1328 | D:3      | Found an ornate altar of the Wu Jian Council.
  1385 | D:3      | Noticed Terence
  1395 | D:3      | Killed Terence
  1396 | D:3      | Reached skill level 5 in Axes
  1417 | D:3      | Gained mutation: Your magical nature lets you fly swiftly
                  | and evasively. [Tengu growth]
  1417 | D:3      | Reached XP level 5. HP: 20/32 MP: 6/6
  1525 | D:3      | Found a burning altar of Makhleb.
  1530 | D:3      | Found a broken altar of Ashenzari.
  1530 | D:3      | Found an opulent altar of Gozag.
  1537 | D:3      | Found a basalt altar of Yredelemnul.
  1537 | D:3      | Found a glowing golden altar of the Shining One.
  1996 | D:3      | Found a runed translucent door.
  1997 | D:3      | Noticed Crazy Yiuf
  2021 | D:3      | Noticed Natasha
  2026 | D:3      | Killed Natasha
  2027 | D:3      | Reached skill level 6 in Axes
  2155 | D:3      | Noticed Natasha
  2163 | D:3      | Killed Natasha
  2354 | D:3      | Noticed Natasha
  2368 | D:3      | Killed Natasha
  2630 | D:3      | Reached XP level 6. HP: 12/37 MP: 7/7
  2771 | D:4      | Reached skill level 7 in Axes
  3014 | D:4      | Reached skill level 8 in Axes
  3014 | D:4      | Reached XP level 7. HP: 41/41 MP: 8/8
  3112 | D:4      | Found a transporter.
  3154 | D:4      | Found a transporter.
  3156 | D:4      | Noticed Weeksy's ghost (amateur FoVM)
  3368 | D:5      | Entered Level 5 of the Dungeon
  3815 | D:5      | Reached skill level 9 in Axes
  4773 | D:6      | HP: 2/41 [orc warrior/+0 mace (14)]
  4799 | D:6      | Reached XP level 8. HP: 9/46 MP: 9/9
  5274 | D:6      | Identified the scarf of Saimikk {+Inv, Str+7}
  5289 | D:6      | Reached skill level 10 in Axes
  5557 | D:6      | Noticed Dowan
  5713 | D:6      | Noticed Duvessa
  5729 | D:6      | Killed Duvessa
  5732 | D:6      | Killed Dowan
  5813 | D:6      | Found a runed translucent door.
  5815 | D:6      | Noticed Arctor's ghost (novice DrTm)
  6026 | D:7      | Found a sand-covered staircase.
  6092 | Ossuary  | Entered an ossuary
  6148 | Ossuary  | Reached skill level 11 in Axes
  6640 | D:7      | Reached skill level 12 in Axes
  6688 | D:7      | Reached XP level 9. HP: 40/50 MP: 10/10
  6777 | D:7      | Found a staircase to the Ecumenical Temple.
  6790 | Temple   | Entered the Ecumenical Temple
  6800 | Temple   | Became a worshipper of Warmaster Okawaru
  7244 | D:8      | Found a bloodstained altar of Trog.
  7255 | D:8      | Noticed a kobold demonologist
  7259 | D:8      | Gained mutation: Your body sometimes deteriorates upon
                  | taking damage. [a neqoxec]
  7264 | D:8      | Noticed a rust devil
  7288 | D:7      | Noticed a hellwing
  7293 | D:7      | Killed a kobold demonologist
  7294 | D:7      | Reached skill level 13 in Axes
  7294 | D:7      | Reached skill level 1 in Invocations
  7532 | D:7      | Reached * piety under Okawaru
  7831 | D:8      | Killed from afar by a steam dragon

Illustrated notes

Levels and vault maps discovered:
D:1:      nicolae_arrival_kraken_aquarium_b, layout_rooms
D:2:      layout_basic, serial_shops, shop, st_stairs_12
D:3:      layout_basic, mainiacjoe_overflow_divided_tiny,
          minmay_overflow_temple_star_hex, roderic_lattice_a, uniq_terence,
          uniq_robin, uniq_crazy_yiuf_cottage, uniq_natasha
D:4:      layout_rooms, gammafunk_ghost_mausoleum, corner_web_ring,
          reono_crystal_passage
D:5:      wander_river, layout_cave_pods
D:6:      layout_basic, ebering_ghost_sewer_d, dreamdust_gnoll_farm,
          uniq_duvessa
D:7:      layout_rooms, temple_statues, nicolae_ossuary_entry_false_entrances
D:8:      minmay_four_partial_circles, layout_gridville,
          mainiacjoe_overflow_24_doors, nicolae_uskayaw_dance_studio,
          minmay_misc_feat_doors, uniq_joseph
Temple:   pdpol_scorched_temple

Skill      XL: |  1  2  3  4  5  6  7  8  9 |
---------------+----------------------------+-----
Axes           | 3 4 5 6 8 9 12 13 | 13.3
Invocations    | 1 |  1.1
Fighting       | |  3.0
Armour         | |  3.2
Dodging        | |  0.3
Shields        | |  3.0

Action                     |  1- 3 |  4- 6 |  7- 9 || total
---------------------------+-------+-------+-------++-------
  Melee: War axe           |    58 |   101 |   239 ||   398
         Kick              |     7 |    28 |    59 ||    94
         Peck              |     7 |    13 |    44 ||    64
  Throw: Dart              |       |     9 |    16 ||    25
  Evoke: Wand              |       |       |     3 ||     3
    Use: Scroll            |       |       |     2 ||     2
 Armour: Scale mail        |    47 |    39 |    22 ||   108
         Chain mail        |       |       |    45 ||    45
  Dodge: Dodged            |    26 |    50 |    77 ||   153
  Block: Buckler           |    20 |    21 |    35 ||    76
         Kite shield       |       |       |     7 ||     7
